 Dungeon Crawl Stone Soup version 0.24-a0-525-g9231cdcba1 (webtiles) character file.

Game seed: 16269162872316832655

563 Mithandil the Skirmisher (level 7, -5/63 HPs)
             Began as a Hill Orc Fighter on Aug 3, 2019.
             Killed by divine providence
             ... invoked by an orc priest
              (9 damage)
             ... on level 5 of the Dungeon.
             The game lasted 00:28:17 (4098 turns).

Mithandil the Skirmisher (Hill Orc Fighter)         Turns: 4098, Time: 00:28:17

Health: -5/63      AC: 12    Str: 20 (21) XL:     7   Next: 32%
Magic:  7/7        EV:  8    Int:  8      God:
Gold:   201        SH: 10    Dex: 10      Spells: 6/6 levels left

rFire    . . .     SeeInvis .   b - +2 short sword (speed)
rCold    . . .     Gourm    .   c - +0 shield
rNeg     . . .     Faith    .   o - +0 chain mail
rPois    .         Spirit   .   (no helmet)
rElec    .         Reflect  .   u - +0 cloak
rCorr    .         Harm     .   (no gloves)
MR       .....                  (no boots)
Stlth    ..........             (no amulet)
HPRegen  0.20/turn              (no ring)
MPRegen  0.10/turn              (no ring)

@: hasted, very quick
A: repulsion field 1, thin metallic scales 1
a: Convert to Beogh


You were on level 5 of the Dungeon.
You were very hungry.

You visited 1 branch of the dungeon, and saw 5 of its levels.

You collected 201 gold pieces.

Inventory:

Hand Weapons
 a - a +0 long sword
 b - a +2 short sword of speed (weapon)
 h - a +0 spear
 k - a +0 war axe
 C - a +0 flail
Missiles
 l - a throwing net
 n - 79 stones (quivered)
 q - 12 bolts
 w - 27 arrows
Armour
 c - a +0 shield (worn)
 o - a +0 chain mail (worn)
 u - a +0 cloak (worn)
 x - a +0 robe of fire resistance
Scrolls
 e - 2 scrolls of teleportation
Potions
 d - a potion of might
 i - a potion of flight
 j - a potion of agility
 p - a potion of haste
Comestibles
 f - 5 rations


   Skills:
 * Level 6.2 Fighting
 + Level 0.3(1.6) Short Blades
 + Level 3.0 Long Blades
 - Level 1.3 Axes
 + Level 0.3 Throwing
 + Level 4.5 Armour
 + Level 2.1 Dodging
 * Level 5.5 Shields


You had 6 spell levels left.
You didn't know any spells.
Your spell library was empty.

Dungeon Overview and Level Annotations

Branches:
Dungeon (5/15)
 Temple: D:4-7

Altars:

Annotations:
D:3 1 runed translucent door, Crazy Yiuf
D:5 Duvessa, Ijyb


Innate Abilities, Weirdness & Mutations

You are surrounded by a mild repulsion field. (EV +2)
You are partially covered in thin metallic scales. (AC +2)


Message History

You resist with some effort. You block Duvessa's attack.
The giant cockroach bites you but does no damage.
You hit Duvessa.
Duvessa is moderately wounded.
Your shield and chain mail prevent you from hitting Duvessa.
Duvessa is moderately wounded.
Duvessa hits you with a +0 short sword.
* * * LOW HITPOINT WARNING * * *
You block the giant cockroach's attack. The orc wizard casts a spell at you.
You resist with some effort.
You hit Duvessa but do no damage.
Duvessa is moderately wounded.
Duvessa hits you with a +0 short sword!
* * * LOW HITPOINT WARNING * * *
An orc comes into view.
You block the giant cockroach's attack.
The orc priest invokes the aid of Beogh against you.
Beogh smites you!
You die...

...... ..... .
.o... ###.. ....
##...[# #..#
#####...#### #..#
#.## #..e@......#
#..#
#....#..s)).....#
.<.#
..#............#
o#.#
#..............#
o .#
#####.......^..#
$ o. #....>......
. ..w
#ow......... .
g...
#oo.......... .
.....
..............


You could see Duvessa (berserk), a worm, an orc priest, an orc wizard, an orc
(wandering) and a giant cockroach.

Vanquished Creatures
  Dowan (D:5)
  A howler monkey (D:4)
  A quasit (D:5)
  A jelly (D:5)
  A gnoll shaman (D:4)
  Jessica (D:3)
  Terence (D:3)
  2 orc wizards
  A worker ant (D:4)
  2 iguanas
  5 gnolls (D:4)
  8 adders
  3 oozes
  2 worms (D:2)
  2 dart slugs
  A leopard gecko (D:3)
  4 orcs (D:4)
  2 giant cockroaches
  7 goblins
  5 hobgoblins
  7 jackals
  A quokka (D:2)
  6 bats
  9 frilled lizards
  2 giant cockroach zombies (D:1)
  4 kobolds
  4 rats
84 creatures vanquished.

Notes
Turn   | Place    | Note
-------+----------+-------------------------------------------
     0 | D:1      | Mithandil the Hill Orc Fighter began the quest for the Orb.
     0 | D:1      | Reached XP level 1. HP: 19/19 MP: 1/1
   337 | D:1      | Reached XP level 2. HP: 27/27 MP: 2/2
   589 | D:1      | Reached skill level 4 in Fighting
   921 | D:2      | Reached XP level 3. HP: 24/33 MP: 3/3
  1306 | D:3      | Noticed Jessica
  1446 | D:2      | Reached XP level 4. HP: 37/40 MP: 4/4
  1666 | D:2      | Found a faded altar of an unknown god.
  2509 | D:3      | Noticed Terence
  2518 | D:3      | Killed Jessica
  2518 | D:3      | Reached skill level 1 in Dodging
  2518 | D:3      | Reached XP level 5. HP: 32/47 MP: 5/5
  2538 | D:3      | Killed Terence
  2538 | D:3      | Reached skill level 5 in Fighting
  3065 | D:3      | Found a runed translucent door.
  3066 | D:3      | Noticed Crazy Yiuf
  3140 | D:3      | Reached skill level 1 in Axes
  3315 | D:4      | Gained mutation: You are partially covered in thin metallic
                  | scales. (AC +2) [potion of mutation]
  3315 | D:4      | Gained mutation: You are surrounded by a mild repulsion
                  | field. (EV +2) [potion of mutation]
  3362 | D:5      | Entered Level 5 of the Dungeon
  3375 | D:5      | Reached XP level 6. HP: 54/56 MP: 6/6
  3425 | D:4      | Reached skill level 5 in Shields
  3681 | D:5      | Noticed Ijyb
  3719 | D:4      | Reached skill level 6 in Fighting
  3719 | D:4      | Reached XP level 7. HP: 50/63 MP: 7/7
  4041 | D:5      | Noticed Duvessa
  4041 | D:5      | Noticed Dowan
  4070 | D:5      | Killed Dowan
  4098 | D:5      | Killed from afar by an orc priest

Levels and vault maps discovered:
D:1:      saegor_arrival_fortress, layout_basic
D:2:      layout_loops_cross, chequers_ecumenical_altar_grove
D:3:      layout_rooms, serial_glass, glass_columns_a, glass_columns_c,
          minmay_lizard_king, uniq_jessica, uniq_crazy_yiuf_cottage,
          uniq_terence
D:4:      layout_rooms
D:5:      layout_rooms, first_ration, minmay_misc_feat_diagonals,
          kennysheep_generic_room_14, uniq_ijyb, uniq_duvessa,
          uniq_prince_ribbit1

Skill      XL: |  1  2  3  4  5  6  7 |
---------------+----------------------+-----
Fighting       | 4 5 6 |  6.2
Shields        | 4 5 |  5.5
Dodging        | 1 2 |  2.1
Axes           | 1 |  1.3
Armour         | 4 |  4.5
Long Blades    | 3 |  3.0
Short Blades   | |  0.3
Throwing       | |  0.3

Action                   |  1- 3 |  4- 6 |  7- 9 || total
-------------------------+-------+-------+-------++-------
Melee: Long sword        |    90 |   110 |       ||   200
       Hand axe          |       |    55 |       ||    55
       Short sword       |       |   103 |    74 ||   177
  Use: Potion            |       |    11 |     2 ||    13
       Scroll            |       |     5 |       ||     5
  Eat: Chunk             |     2 |     4 |       ||     6
       Ration            |       |     1 |       ||     1
Armor: Scale mail        |    31 |    12 |       ||    43
       Chain mail        |       |   125 |    42 ||   167
Dodge: Dodged            |    36 |    90 |    23 ||   149
Block: Shield            |    40 |   175 |    46 ||   261
       Rpst.: Long sword |    12 |    18 |       ||    30

Table legend:
 A = Non-vault XP
 B = Vault XP
 C = Vault XP percentage of total XP
 D = Non-vault monster count
 E = Vault monster count
 F = Vault count percentage of total count
                 A         B        C        D         E       F
            +---------+---------+-------+---------+---------+-------
      Total |     653 |     152 |  18.9 |      73 |      11 |  13.1
            +---------+---------+-------+---------+---------+-------
        D:1 |      25 |       2 |   7.4 |      12 |       2 |  14.3
        D:2 |      90 |       0 |   0.0 |      21 |       0 |   0.0
        D:3 |      66 |      81 |  55.1 |      15 |       8 |  34.8
        D:4 |     303 |       0 |   0.0 |      20 |       0 |   0.0
        D:5 |     169 |      69 |  29.0 |       5 |       1 |  16.7
            +---------+---------+-------+---------+---------+-------
